 Dungeon Sprint DCSS version 0.24-a0-592-g9a1d66b0e3 (webtiles) character file.

Game seed: 5594749399888788183, levelgen mode: deterministic

3096 MordorOrchid the Spear-Bearer (level 9, -3/64 HPs)
             Began as an Octopode Fighter on Sept 8, 2019.
             Was the Champion of Cheibriados.
             Killed from afar by a rime drake (21 damage)
             ... with a flash freeze
             ... in the Dungeon (Sprint IX: "|||||||||||||||||||||||||||||").
             The game lasted 00:04:13 (389 turns).

MordorOrchid the Spear-Bearer (Octopode Fighter)     Turns: 389, Time: 00:04:14

Health: -3/64      AC:  3    Str: 33    XL:     9   Next: 90%
Magic:  13/14      EV: 23    Int: 29    God:    Cheibriados [******]
Gold:   22         SH: 15    Dex: 26    Spells: 8/8 levels left

rFire    . . .     SeeInvis .   a - +4 trident
rCold    . . .     Gourm    .   b - +0 shield
rNeg     . . .     Faith    .   (helmet restricted)
rPois    .         Spirit   .   (no amulet)
rElec    .         Reflect  .   q - +2 ring of protection
rCorr    .         Harm     .   r - +3 ring of strength
MR       .....     NoTele   +   (no ring)
Stlth    ++++......             (no ring)
HPRegen  0.20/turn              (no ring)
MPRegen  0.14/turn              (no ring)
                                (no ring)
                                (no ring)

@: very slow
A: almost no armour, stealthy swim, amphibious, 8 rings, constrict 8, camouflage
1, gelatinous body 1
a: Bend Time, Temporal Distortion, Slouch, Step From Time, Renounce Religion


You were in the Dungeon.
You worshipped Cheibriados.
Cheibriados was exalted by your worship.
You were not hungry.

You visited 1 branch You collected 22 gold pieces.

Inventory:

Hand Weapons
 a - a +4 trident (weapon)
 k - a +0 shortbow
 p - a +2 scimitar of holy wrath
Missiles
 s - 42 arrows
Armour
 b - a +0 shield (worn)
Magical Staves
 o - an uncursed staff of energy
Jewellery
 q - a +2 ring of protection (left tentacle)
 r - a +3 ring of strength (right tentacle)
Wands
 n - a wand of acid (8)
Scrolls
 i - a scroll of fog
 j - 2 scrolls of blinking
 l - 5 scrolls of remove curse
 m - 2 scrolls of amnesia
 v - a scroll of fear
Potions
 c - 2 potions of might
 e - 7 potions of curing
 f - 4 potions of heal wounds
 g - a potion of haste
 h - 4 potions of magic
 t - a potion of agility
Comestibles
 d - a ration
 u - 6 chunks of flesh


   Skills:
 + Level 7.0 Fighting
 * Level 13.5 Polearms
 * Level 10.1 Dodging
 - Level 3.2 Stealth
 * Level 10.4 Shields
 * Level 6.6 Invocations
 * Level 6.8 Evocations


You had 8 spell levels left.
You didn't know any spells.
Your spell library was empty.

Dungeon Overview and Level Annotations

Branches:
Dungeon (1/1)

Altars:
Cheibriados
Dithmenos
Elyvilon
Fedhas
Gozag
Hepliaklqana
Kikubaaqudgha
Makhleb
Nemelex Xobeh
Okawaru
Qazlal
Ru
Sif Muna
Trog
Uskayaw
Vehumet
Wu Jian
Xom
Yredelemnul
Zin
The Shining One
Beogh
Jiyva
Lugonu


Innate Abilities, Weirdness & Mutations

You cannot wear most types of armour.
You are very stealthy in the water. (Stealth+)
You are amphibious.
You can wear up to eight rings at the same time.
You can use your tentacles to constrict eight enemies at once.
Your skin changes colour to match your surroundings (Stealth+).
Your rubbery body absorbs attacks. (AC +1, EV +1)


Message History

The rime drake is almost dead.
The rime drake completely misses you.
You puncture the rime drake!
You kill the rime drake!
Cheibriados thoroughly appreciates the change of pace.
Your Fighting skill increases to level 7!
You completely miss the rime drake.
You squeeze the rime drake, but do no damage.
The porcupine twitches its whiskers.
You block the rime drake's attack.
You closely miss the rime drake. Your squeeze misses the rime drake.
The rime drake closely misses you.
You closely miss the rime drake. You squeeze the rime drake!
The rime drake is moderately wounded.
The ice encasing you melts away.
You hit the rime drake.
The rime drake is moderately wounded.
The rime drake breathes ice at you. The flash freeze hits you!!
You die...

▓_▓.▓÷▓
▓_▓.▓.▓
▓_▓.▓.▓
▓_▓.▓.▓
▓_▓.▓.▓
▓_▓.▓.▓
▓_▓.▓.▓
▓_▓.▓.▓
▓_▓.▓@▓
▓_▓.▓k▓
▓_▓.▓r▓
▓_▓.▓S▓
▓_▓.▓.▓
▓_▓.▓.▓
▓_▓.▓.▓
▓_▓.▓.▓
▓_▓.▓


You could see a black mamba, a rime drake and a porcupine.

Vanquished Creatures
  A centaur warrior (D)
  A torpor snail (D)
  A rime drake (D)
  A polar bear (D)
  2 hippogriffs (D)
  A wyvern (D)
  A yak (D)
  2 porcupines (D)
  An eye of draining (D)
  An orc warrior (D)
  A centaur (D)
  3 crocodiles (D)
  A big kobold (D)
  A bullfrog (D)
  2 howler monkeys (D)
  A crimson imp (D)
  A jelly (D)
  An orc wizard (D)
  2 worker ants (D)
  An adder (D)
  A shadow imp (D)
  A leopard gecko (D)
  2 orcs (D)
  3 goblins (D)
  A kobold (D)
34 creatures vanquished.

Vanquished Creatures (others)
  A worker ant (D)
1 creature vanquished.

Grand Total: 35 creatures vanquished

Notes
Turn   | Place    | Note
-------+----------+-------------------------------------------
     0 | D        | MordorOrchid the Octopode Fighter began the quest for the
                  | Orb.
     0 | D        | Reached XP level 1. HP: 16/16 MP: 1/1
     7 | D        | Reached skill level 1 in Stealth
    14 | D        | Reached XP level 2. HP: 15/21 MP: 2/2
    92 | D        | Noticed a howler monkey
    98 | D        | Reached skill level 3 in Polearms
    98 | D        | Reached XP level 3. HP: 26/26 MP: 3/3
   101 | D        | Reached skill level 4 in Polearms
   101 | D        | Reached skill level 5 in Dodging
   101 | D        | Reached skill level 5 in Shields
   101 | D        | Reached XP level 4. HP: 31/31 MP: 4/4
   114 | D        | Found a roughly hewn altar of Beogh.
   114 | D        | Found a snail-covered altar of Cheibriados.
   114 | D        | Found a shadowy altar of Dithmenos.
   114 | D        | Found a white marble altar of Elyvilon.
   114 | D        | Found a blossoming altar of Fedhas.
   114 | D        | Found an opulent altar of Gozag.
   115 | D        | Found a hazy altar of Hepliaklqana.
   116 | D        | Found a viscous altar of Jiyva.
   117 | D        | Found an ancient bone altar of Kikubaaqudgha.
   118 | D        | Became a worshipper of Cheibriados the Contemplative
   119 | D        | Found a corrupted altar of Lugonu.
   120 | D        | Found a burning altar of Makhleb.
   121 | D        | Found a sparkling altar of Nemelex Xobeh.
   122 | D        | Found an iron altar of Okawaru.
   123 | D        | Found a stormy altar of Qazlal.
   124 | D        | Found a sacrificial altar of Ru.
   125 | D        | Found a shimmering blue altar of Sif Muna.
   126 | D        | Found a bloodstained altar of Trog.
   127 | D        | Found a hide-covered altar of Uskayaw.
   128 | D        | Found a radiant altar of Vehumet.
   129 | D        | Found an ornate altar of the Wu Jian Council.
   130 | D        | Found a shimmering altar of Xom.
   131 | D        | Found a basalt altar of Yredelemnul.
   132 | D        | Found a glowing silver altar of Zin.
   133 | D        | Found a glowing golden altar of the Shining One.
   162 | D        | Noticed a centaur
   164 | D        | Reached skill level 5 in Polearms
   164 | D        | Reached XP level 5. HP: 35/36 MP: 5/5
   169 | D        | Killed a centaur
   169 | D        | Reached skill level 6 in Polearms
   171 | D        | Reached * piety under Cheibriados
   176 | D        | Reached XP level 6. HP: 43/43 MP: 6/6
   177 | D        | Reached ** piety under Cheibriados
   181 | D        | Reached skill level 7 in Polearms
   190 | D        | Noticed an eye of draining
   190 | D        | Noticed a centaur warrior
   190 | D        | Noticed an orc warrior
   193 | D        | Reached *** piety under Cheibriados
   193 | D        | Reached skill level 1 in Invocations
   195 | D        | Killed an eye of draining
   195 | D        | Reached skill level 8 in Polearms
   203 | D        | Killed a centaur warrior
   203 | D        | Reached skill level 5 in Fighting
   203 | D        | Reached skill level 10 in Polearms
   203 | D        | Reached XP level 7. HP: 28/51 MP: 1/10
   203 | D        | Reached XP level 8. HP: 32/57 MP: 1/11
   211 | D        | Reached **** piety under Cheibriados
   329 | D        | Noticed a yak
   329 | D        | Noticed a hippogriff
   335 | D        | Reached skill level 11 in Polearms
   335 | D        | Reached skill level 5 in Evocations
   336 | D        | Reached ***** piety under Cheibriados
   336 | D        | Reached skill level 5 in Invocations
   340 | D        | Killed a yak
   342 | D        | Reached XP level 9. HP: 63/63 MP: 11/13
   345 | D        | Noticed a polar bear
   352 | D        | Killed a polar bear
   352 | D        | Reached skill level 12 in Polearms
   355 | D        | Reached ****** piety under Cheibriados
   355 | D        | Reached skill level 10 in Shields
   369 | D        | Noticed a torpor snail
   369 | D        | Noticed a rime drake
   369 | D        | Noticed a rime drake
   371 | D        | Noticed a black mamba
   375 | D        | Reached skill level 10 in Dodging
   382 | D        | Killed a torpor snail
   382 | D        | Reached skill level 13 in Polearms
   385 | D        | Killed a rime drake
   389 | D        | Killed from afar by a rime drake

Levels and vault maps discovered:
D:        linesprint [early_d, line_temple, items_1, d_10, items_2, lair_1,
          lair_end, items_3, orc_1, orc_end, items_4, d_15, swamp_1, shoals_1,
          snake_1, spider_1, d_20, vaults_1, items_5, swamp_end, shoals_end,
          snake_end, spider_end, vaults_end, d_27, items_6, zot_1, zot_end,
          crypt_end, forest_end, elf_end, slime_end, tomb_end, abyss_end,
          pan_hell_end]

Skill      XL: |  1  2  3  4  5  6  7  8  9 |
---------------+----------------------------+-----
Stealth        | 1 3 |  3.2
Dodging        | 4 5 6 7 9 10 | 10.1
Shields        | 4 5 6 7 9 10 | 10.4
Polearms       | 3 4 5 6 10 11 13 | 13.5
Fighting       | 4 5 6 7 |  7.0
Invocations    | 4 5 6 |  6.6
Evocations     | 4 5 6 |  6.8

Action                   |  1- 3 |  4- 6 |  7- 9 || total
-------------------------+-------+-------+-------++-------
Melee: Trident           |    19 |    30 |    48 ||    97
       Constrict         |     2 |     6 |     2 ||    10
       Tentacles         |     2 |    10 |    20 ||    32
Evoke: Wand              |       |     1 |     1 ||     2
  Use: Potion            |     1 |     1 |     2 ||     4
       Scroll            |       |       |     4 ||     4
 Stab: Sleeping          |     1 |       |     1 ||     2
       Invisible         |       |     2 |       ||     2
Dodge: Dodged            |     4 |    12 |     9 ||    25
Block: Shield            |     7 |    10 |    16 ||    33

Table legend:
 A = Non-vault XP
 B = Vault XP
 C = Vault XP percentage of total XP
 D = Non-vault monster count
 E = Vault monster count
 F = Vault count percentage of total count
                 A         B        C        D         E       F
            +---------+---------+-------+---------+---------+-------
      Total |       0 |    4423 | 100.0 |       0 |      35 | 100.0
            +---------+---------+-------+---------+---------+-------
          D |       0 |    4423 | 100.0 |       0 |      35 | 100.0
            +---------+---------+-------+---------+---------+-------
